PAAA
JERSEY CITY TRITONS @ SYRACUSE STARKS
07/21/2042
 
TOP OF THE 1ST
Jersey City Tritons batting - Pitching for Syracuse Starks : RHP Austin Bizzle
Pitching: RHP Austin Bizzle
Batting: LHB Justice Bigbie 0-0: Called Strike
0-1: Ground out 5-3 (Groundball, 56S, EV 83.1 MPH)
Batting: RHB Santiago Valentín 0-0: SINGLE (Groundball, 56, EV 86.9 MPH) (infield hit)
Batting: RHB Xiao-yong Huang 0-0: Grounds into double play, 6-4-3 (Groundball, 56, EV 86.2 MPH)
Top of the 1st over - 0 runs, 1 hit, 0 errors, 0 left on base; Jersey City 0 - Syracuse 0
BOTTOM OF THE 1ST
Syracuse Starks batting - Pitching for Jersey City Tritons : RHP Sean Jones
Pitching: RHP Sean Jones
Batting: LHB Bill Gracián 0-0: Ball
1-0: Swinging Strike
1-1: Swinging Strike
1-2: Fly out, F9 (Flyball, 9, EV 80.6 MPH)
Batting: RHB Akke Derksen 0-0: Ball
1-0: Called Strike
1-1: Foul Ball, location: 2F
1-2: Foul Ball, location: 2F
1-2: Ball
2-2: Foul Ball, location: 2F
2-2: Foul Ball, location: 2F
2-2: Foul Ball, location: 2F
2-2: Ball
3-2: Fly out, F6 (Flyball, 56D, EV 87.5 MPH)
Batting: LHB Mare Riseley 0-0: Called Strike
0-1: Ball
1-1: Called Strike
1-2: Ball
2-2: SOLO HOME RUN (Flyball, 9LD, EV 91.9 MPH), Distance : 349 ft
Batting: RHB Arsenio Laurel 0-0: Swinging Strike
0-1: Ball
1-1: Ball
2-1: Fly out, F7 (Flyball, 7LD, EV 98.8 MPH)
Bottom of the 1st over - 1 run, 1 hit, 0 errors, 0 left on base; Jersey City 0 - Syracuse 1
TOP OF THE 2ND
Jersey City Tritons batting - Pitching for Syracuse Starks : RHP Austin Bizzle
Batting: LHB Kevin Hancock 0-0: Ball
1-0: Ball
2-0: SOLO HOME RUN (Flyball, 89XD, EV 92.5 MPH), Distance : 412 ft
Batting: LHB Jim Henson 0-0: Ball
1-0: Ball
2-0: Ball
3-0: Called Strike
3-1: Foul Ball, location: 2F
3-2: Ground out 4-3 (Groundball, 4, EV 101.2 MPH)
Batting: LHB Steve Whitehead 0-0: Ball
1-0: SOLO HOME RUN (Flyball, 9LD, EV 96.2 MPH), Distance : 347 ft
Batting: RHB Víctor Bojórquez 0-0: Ball
1-0: Swinging Strike
1-1: Ball
2-1: Ball
3-1: Base on Balls
Batting: RHB Ricardo Quintanilla 0-0: Swinging Strike
0-1: Fly out, F8 (Flyball, 8RXD, EV 105.0 MPH)
Batting: LHB Jarred Williamson 0-0: Called Strike
0-1: Called Strike
Víctor Bojórquez steals 2nd base
0-2: Ball
1-2: Foul Ball, location: 2F
1-2: Ground out 6-3 (Groundball, 56, EV 84.4 MPH)
Top of the 2nd over - 2 runs, 2 hits, 0 errors, 1 left on base; Jersey City 2 - Syracuse 1
BOTTOM OF THE 2ND
Syracuse Starks batting - Pitching for Jersey City Tritons : RHP Sean Jones
Batting: RHB Atanza Vongor 0-0: Ball
1-0: Ball
2-0: Foul Ball, location: 2F
2-1: Fly out, F8 (Flyball, 78D, EV 105.6 MPH)
Batting: RHB Luther H. Greene 0-0: Called Strike
0-1: Ball
1-1: Ball
2-1: SINGLE (Flyball, 9LS, EV 95.0 MPH)
Batting: RHB Takashi Miike 0-0: Ball
1-0: Called Strike
1-1: Called Strike
1-2: Foul Ball, location: 2F
1-2: Ball
2-2: Foul Ball, location: 2F
2-2: Ball
3-2: Foul Ball, location: 2F
3-2: Foul Ball, location: 2F
3-2: Foul Ball, location: 2F
3-2: SINGLE (Line Drive, 8LS, EV 108.8 MPH)
Luther H. Greene to second
Batting: RHB Patrick Mildren 0-0: Hit by Pitch
Luther H. Greene to third
Takashi Miike to second
Batting: RHB Francisco Agámez 0-0: GRAND SLAM HOME RUN (Flyball, 7D, EV 100.0 MPH), Distance : 382 ft
Batting: LHB Bill Gracián 0-0: Ball
1-0: Ball
2-0: Called Strike
2-1: Foul Ball, location: 2F
2-2: Ground out 3-1 (Groundball, 34S, EV 86.2 MPH)
Batting: RHB Akke Derksen 0-0: SINGLE (Line Drive, 7LM, EV 94.4 MPH)
Batting: LHB Mare Riseley 0-0: Called Strike
0-1: Ball
1-1: 2-RUN HOME RUN (Flyball, 8RXD, EV 105.0 MPH), Distance : 453 ft
Pitching: LHP Ken Fulton Jr.
Batting: RHB Arsenio Laurel 0-0: Ball
1-0: Called Strike
1-1: Ground out 5-3 (Groundball, 56S, EV 86.2 MPH)
Bottom of the 2nd over - 6 runs, 5 hits, 0 errors, 0 left on base; Jersey City 2 - Syracuse 7
TOP OF THE 3RD
Jersey City Tritons batting - Pitching for Syracuse Starks : RHP Austin Bizzle
Batting: LHB Justice Bigbie 0-0: Foul Ball, location: 2F
0-1: Ball
1-1: Ball
2-1: Ball
3-1: Called Strike
3-2: Foul Ball, location: 2F
3-2: Foul Ball, location: 2F
3-2: Base on Balls
Batting: RHB Santiago Valentín 0-0: Ball
1-0: Ball
2-0: Fly out, F8 (Flyball, 8RD, EV 104.4 MPH)
Batting: RHB Xiao-yong Huang 0-0: Called Strike
Justice Bigbie steals 2nd base
0-1: Foul Ball, location: 2F
0-2: Ball
1-2: Foul Ball, location: 2F
1-2: SINGLE (Line Drive, 8RS, EV 98.1 MPH)
Justice Bigbie to third
Runner from 3rd tries for Home, SAFE, throw by CF to home
Batting: LHB Kevin Hancock 0-0: Called Strike
Xiao-yong Huang steals 2nd base (no throw)
0-1: Fly out, F8 (Flyball, 8LD, EV 100.0 MPH)
Runner from 2nd tags up, SAFE at 3rd with throw by CF
Batting: LHB Jim Henson 0-0: Ball
1-0: Called Strike
1-1: Fly out, F7 (Flyball, 78S, EV 86.2 MPH)
Top of the 3rd over - 1 run, 1 hit, 0 errors, 1 left on base; Jersey City 3 - Syracuse 7
BOTTOM OF THE 3RD
Syracuse Starks batting - Pitching for Jersey City Tritons : LHP Ken Fulton Jr.
Batting: RHB Atanza Vongor 0-0: Ball
1-0: Foul Ball, location: 2F
1-1: Swinging Strike
1-2: Ball
2-2: Foul Ball, location: 2F
2-2: Ground out 4-3 (Groundball, 4, EV 81.9 MPH)
Batting: RHB Luther H. Greene 0-0: Ball
1-0: Swinging Strike
1-1: Ball
2-1: Swinging Strike
2-2: Strikes out swinging
Batting: RHB Takashi Miike 0-0: Ball
1-0: Called Strike
1-1: Swinging Strike
1-2: Strikes out swinging
Bottom of the 3rd over - 0 runs, 0 hits, 0 errors, 0 left on base; Jersey City 3 - Syracuse 7
TOP OF THE 4TH
Jersey City Tritons batting - Pitching for Syracuse Starks : RHP Austin Bizzle
Batting: LHB Steve Whitehead 0-0: Ball
1-0: Ball
2-0: Ground out 6-3 (Groundball, 6, EV 98.8 MPH)
Batting: RHB Víctor Bojórquez 0-0: Ball
1-0: Foul Ball, location: 2F
1-1: Fly out, F8 (Line Drive, 8LD, EV 88.8 MPH)
Batting: RHB Ricardo Quintanilla 0-0: SINGLE (Popup, 56D, EV 50.0 MPH)
Batting: LHB Jarred Williamson 0-0: Ball
1-0: Fly out, F4 (Line Drive, 4, EV 69.4 MPH)
Top of the 4th over - 0 runs, 1 hit, 0 errors, 1 left on base; Jersey City 3 - Syracuse 7
BOTTOM OF THE 4TH
Syracuse Starks batting - Pitching for Jersey City Tritons : LHP Ken Fulton Jr.
Batting: RHB Patrick Mildren 0-0: Called Strike
0-1: Ball
1-1: Ball
2-1: Fly out, F7 (Flyball, 7LM, EV 100.6 MPH)
Batting: RHB Francisco Agámez 0-0: Ball
1-0: Called Strike
1-1: Foul Ball, location: 2F
1-2: Ball
2-2: Ball
3-2: Strikes out swinging
Batting: LHB Bill Gracián 0-0: Foul Ball, location: 2F
0-1: Ball
1-1: Ground out 5-3 (Groundball, 56, EV 103.1 MPH)
Bottom of the 4th over - 0 runs, 0 hits, 0 errors, 0 left on base; Jersey City 3 - Syracuse 7
TOP OF THE 5TH
Jersey City Tritons batting - Pitching for Syracuse Starks : RHP Austin Bizzle
Batting: LHB Justice Bigbie 0-0: Foul Ball, location: 2F
0-1: Foul Ball, location: 2F
0-2: Foul Ball, location: 2F
0-2: Foul Ball, location: 2F
0-2: Ball
1-2: Ball
2-2: Fly out, F7 (Flyball, 78M, EV 88.1 MPH)
Batting: RHB Santiago Valentín 0-0: Ball
1-0: Fly out, F7 (Flyball, 7S, EV 80.6 MPH)
Batting: RHB Xiao-yong Huang 0-0: Swinging Strike
0-1: DOUBLE (Flyball, 78XD, EV 100.0 MPH)
Batting: LHB Kevin Hancock 0-0: Ball
1-0: Ball
2-0: Ball
3-0: Called Strike
3-1: Base on Balls
Batting: LHB Jim Henson 0-0: Ground out 6-3 (Groundball, 56, EV 101.9 MPH)
Top of the 5th over - 0 runs, 1 hit, 0 errors, 2 left on base; Jersey City 3 - Syracuse 7
BOTTOM OF THE 5TH
Syracuse Starks batting - Pitching for Jersey City Tritons : LHP Ken Fulton Jr.
Batting: RHB Akke Derksen 0-0: Ball
1-0: Ball
2-0: Ground out 6-3 (Groundball, 56, EV 80.6 MPH)
Batting: LHB Mare Riseley 0-0: Ball
1-0: Ball
2-0: Ball
3-0: Called Strike
3-1: Called Strike
3-2: Foul Ball, location: 2F
3-2: Base on Balls
Batting: RHB Arsenio Laurel 0-0: Ball
1-0: Called Strike
1-1: Ball
2-1: Fielders Choice at 2nd, 5-4 (Groundball, 56, EV 86.9 MPH)
Batting: RHB Atanza Vongor 0-0: Swinging Strike
0-1: Called Strike
0-2: Strikes out looking
Bottom of the 5th over - 0 runs, 0 hits, 0 errors, 1 left on base; Jersey City 3 - Syracuse 7
TOP OF THE 6TH
Jersey City Tritons batting - Pitching for Syracuse Starks : RHP Austin Bizzle
Batting: LHB Steve Whitehead 0-0: Called Strike
0-1: Ground out U3 (Groundball, 3L, EV 82.5 MPH)
Batting: RHB Víctor Bojórquez 0-0: Ball
1-0: Ball
2-0: SINGLE (Groundball, 6, EV 91.9 MPH) (infield hit)
Batting: RHB Ricardo Quintanilla 0-0: Called Strike
Víctor Bojórquez is caught stealing 2nd base 2-4
0-1: Foul Ball, location: 2F
0-2: Foul Ball, location: 2F
0-2: Ground out 3-1 (Groundball, 34, EV 87.5 MPH)
Top of the 6th over - 0 runs, 1 hit, 0 errors, 0 left on base; Jersey City 3 - Syracuse 7
BOTTOM OF THE 6TH
Syracuse Starks batting - Pitching for Jersey City Tritons : LHP Ken Fulton Jr.
Batting: RHB Luther H. Greene 0-0: Called Strike
0-1: Ball
1-1: Ball
2-1: Ball
3-1: Called Strike
3-2: Fly out, F9 (Line Drive, 9, EV 95.0 MPH)
Batting: RHB Takashi Miike 0-0: Called Strike
0-1: Ball
1-1: Ball
2-1: SINGLE (Line Drive, 8LS, EV 98.1 MPH)
Pitching: LHP Wesley van Klaveren
Batting: RHB Patrick Mildren 0-0: Ball
1-0: Called Strike
1-1: Ball
2-1: Ball
3-1: Fly out, F6 (Popup, 15S, EV 88.1 MPH)
Batting: RHB Francisco Agámez 0-0: Called Strike
0-1: Called Strike
0-2: Strikes out looking
Bottom of the 6th over - 0 runs, 1 hit, 0 errors, 1 left on base; Jersey City 3 - Syracuse 7
TOP OF THE 7TH
Jersey City Tritons batting - Pitching for Syracuse Starks : RHP Austin Bizzle
Batting: LHB Jarred Williamson 0-0: Foul Ball, location: 2F
0-1: Fly out, F9 (Flyball, 89S, EV 85.0 MPH)
Batting: LHB Justice Bigbie 0-0: Called Strike
0-1: Called Strike
0-2: Strikes out looking
Batting: RHB Santiago Valentín 0-0: Called Strike
0-1: Called Strike
0-2: Ball
1-2: Ball
2-2: Fly out, F7 (Flyball, 78M, EV 90.6 MPH)
Top of the 7th over - 0 runs, 0 hits, 0 errors, 0 left on base; Jersey City 3 - Syracuse 7
BOTTOM OF THE 7TH
Syracuse Starks batting - Pitching for Jersey City Tritons : LHP Wesley van Klaveren
Batting: LHB Bill Gracián 0-0: Called Strike
0-1: Ball
1-1: Swinging Strike
1-2: Foul Ball, location: 2F
1-2: Ground out 5-3 (Groundball, 5, EV 105.6 MPH)
Batting: RHB Akke Derksen 0-0: Fly out, F7 (Flyball, 7, EV 88.8 MPH)
Batting: LHB Mare Riseley 0-0: Ball
1-0: Swinging Strike
1-1: Ball
2-1: Ball
3-1: Base on Balls
Batting: RHB Arsenio Laurel 0-0: Ball
1-0: Ball
2-0: Ball
3-0: Called Strike
3-1: Called Strike
3-2: Foul Ball, location: 2F
3-2: Base on Balls
Mare Riseley to second
Batting: RHB Atanza Vongor 0-0: SINGLE (Popup, 56D, EV 55.0 MPH)
Mare Riseley to third
Arsenio Laurel to second
Runner from 3rd tries for Home, SAFE, no throw by SS
Batting: RHB Luther H. Greene 0-0: Ball
1-0: Called Strike
1-1: Ball
2-1: Foul Ball, location: 2F
2-2: Ball
3-2: Ground out 6-3 (Groundball, 6, EV 81.2 MPH)
Bottom of the 7th over - 1 run, 1 hit, 0 errors, 2 left on base; Jersey City 3 - Syracuse 8
TOP OF THE 8TH
Jersey City Tritons batting - Pitching for Syracuse Starks : RHP Austin Bizzle
Batting: RHB Xiao-yong Huang 0-0: Ball
1-0: SINGLE (Groundball, 56D, EV 104.4 MPH)
Batting: LHB Kevin Hancock 0-0: Ball
1-0: Called Strike
1-1: Ball
2-1: SINGLE (Line Drive, 9S, EV 105.6 MPH)
Xiao-yong Huang to second
Pitching: RHP Greyfriars Bobby
Batting: LHB Jim Henson 0-0: Grounds into double play, 6-4-3 (Groundball, 6, EV 106.9 MPH)
Xiao-yong Huang to third
Pitching: LHP Jeffery Brock
Batting: LHB Steve Whitehead 0-0: Ball
1-0: Ball
2-0: SINGLE (Line Drive, 34D, EV 103.1 MPH)
Xiao-yong Huang scores
Batting: RHB Víctor Bojórquez 0-0: Ball
1-0: Ball
2-0: Ball
3-0: Base on Balls
Steve Whitehead to second
Batting: RHB Ricardo Quintanilla 0-0: Ground out 4-3 (Groundball, 4, EV 81.9 MPH)
Top of the 8th over - 1 run, 3 hits, 0 errors, 2 left on base; Jersey City 4 - Syracuse 8
BOTTOM OF THE 8TH
Syracuse Starks batting - Pitching for Jersey City Tritons : LHP Wesley van Klaveren
Batting: RHB Takashi Miike 0-0: Foul Ball, location: 2F
0-1: Foul Ball, location: 2F
0-2: Ball
1-2: Strikes out looking
Batting: RHB Patrick Mildren 0-0: Fly out, F4 (Popup, 13, EV 79.4 MPH)
Batting: RHB Francisco Agámez 0-0: TRIPLE (Flyball, 78XD, EV 105.0 MPH)
Batting: LHB Bill Gracián 0-0: Ground out 4-3 (Groundball, 34, EV 85.6 MPH)
Bottom of the 8th over - 0 runs, 1 hit, 0 errors, 1 left on base; Jersey City 4 - Syracuse 8
TOP OF THE 9TH
Jersey City Tritons batting - Pitching for Syracuse Starks : LHP Jeffery Brock
Batting: LHB Jarred Williamson 0-0: Called Strike
0-1: Foul Ball, location: 2F
0-2: Ball
1-2: Strikes out swinging
Batting: LHB Justice Bigbie 0-0: Called Strike
0-1: Foul Ball, location: 2F
0-2: Fly out, F5 (Popup, 5SF, EV 86.2 MPH)
Batting: RHB Santiago Valentín 0-0: Ball
1-0: Ball
2-0: Ball
3-0: Base on Balls
Batting: RHB Xiao-yong Huang 0-0: Ball
1-0: Ball
2-0: Called Strike
2-1: Ball
3-1: Called Strike
3-2: DOUBLE (Line Drive, 7LM, EV 108.1 MPH)
Santiago Valentín to third
Santiago Valentín scores
Batting: LHB Kevin Hancock 0-0: Ball
1-0: Ball
2-0: Fly out, F8 (Flyball, 8RD, EV 98.1 MPH)
Top of the 9th over - 1 run, 1 hit, 0 errors, 1 left on base; Jersey City 5 - Syracuse 8
Friday, March 26th, 2021 - OOTP Baseball 20.8 Build 74